 Dungeon Crawl Stone Soup version 0.16.1-7-g2c6721e (webtiles) character file.

1829 Sachiko the Protected (level 8, 0/71 HPs)
             Began as a Minotaur Fighter on Mar 29, 2015.
             Slain by an orc warrior
             ... wielding a +0 war axe
              (15 damage)
             ... on level 6 of the Dungeon.
             The game lasted 00:22:38 (5495 turns).

Sachiko the Protected (Minotaur Fighter)            Turns: 5495, Time: 00:22:38

Health: 0/71       AC: 14    Str: 24    XL:     8   Next: 86%
Magic:  3/3        EV:  6    Int:  5    God:
Gold:   358        SH: 11    Dex:  9    Spells: 0 memorised, 7 levels left

rFire  . . .     SeeInvis .     a - +1 long sword
rCold  . . .     Clarity  .     y - +0 plate armour
rNeg   . . .     SustAb   .     c - +0 shield (curse)
rPois  .         Gourm    .     (helmet restricted)
rElec  .         Spirit   .     (no cloak)
rCorr  .         Warding  .     (no gloves)
rMut   .         Stasis   .     (no boots)
MR     .....                    (no amulet)
Stlth  ..........               (no ring)
                                (no ring)

@: not resistant to hostile enchantments, extremely unstealthy
A: retaliatory headbutt, horns 2
a: no special abilities


You were on level 6 of the Dungeon.
You were very hungry.

You visited 1 branch of the dungeon, and saw 6 of its levels.
You also visited: Ossuary.

You collected 358 gold pieces.

Inventory:

Hand weapons
 a - a +1 long sword (weapon)
Armour
 c - a cursed +0 shield (worn)
 y - a +0 plate armour (worn)
Jewellery
 m - an uncursed ring of fire
 q - an uncursed ring of teleportation
Magical devices
 b - a wand of confusion (32)
 i - a wand of slowing (23)
 t - a wand of lightning (8)
 u - a wand of digging (15)
 C - a wand of random effects (35)
Scrolls
 g - a scroll of noise
 h - a scroll of amnesia {unknown}
 l - 5 scrolls of fear
 o - 6 scrolls of identify
 p - a scroll of remove curse
 r - 2 scrolls of blinking
 w - 4 scrolls of teleportation
Potions
 e - a potion of might
 f - 2 potions of agility
 k - 3 potions of curing
 n - 2 potions of haste
 s - a potion of poison
Books
 x - a book of the Tempests

   Spells                             Type                      Level
   a - Static Discharge               Conjuration/Air              3
   b - Lightning Bolt                 Conjuration/Air              5
   c - Fireball                       Conjuration/Fire             5
   d - Tornado                        Air                          9
   e - Shatter                        Earth                        9
 B - a Necronomicon {highlevel, unknown}

   This book is beyond your current level of understanding.

   Spells                             Type                      Level
   a - Haunt                          Necromancy/Summoning         7
   b - Borgnjor's Revivification      Necromancy                   8
   c - Death's Door                   Charms/Necromancy            8
   d - Necromutation                  Transmutation/Necromancy     8
Comestibles
 d - 2 bread rations
 j - a royal jelly
 v - 2 fruits
 z - 5 chunks of flesh


   Skills:
 + Level 6.7 Fighting
 + Level 6.6 Long Blades
 + Level 8.8 Armour
 + Level 8.1 Shields


You had 7 spell levels left.
You didn't know any spells.

Dungeon Overview and Level Annotations

Branches:
Dungeon (6/15)
 Temple: D:4-7

Altars:
Elyvilon
Kikubaaqudgha
Makhleb
Nemelex Xobeh
Yredelemnul
Zin

Shops:
D:5 =

Annotations:
D:5 Pikel


Innate Abilities, Weirdness & Mutations

You reflexively headbutt those who attack you in melee.
You have a pair of horns on your head.


Message History

You kill the orc priest!
You block the orc's attack.
The orc warrior hits you but does no damage.
You block the orc's attack.
You see here a dagger.
You closely miss the orc warrior. You headbutt the orc warrior.
The orc warrior is moderately wounded.
You block the orc's attack. The orc warrior closely misses you.
You furiously retaliate!
You headbutt the orc warrior.
You hit the orc warrior but do no damage.
Your headbutt misses the orc warrior.
The orc warrior is moderately wounded.
You block the orc's attack.
The orc warrior hits you with a war axe!!
* * * LOW HITPOINT WARNING * * *
You closely miss the orc warrior.
The orc warrior is moderately wounded.
You block the orc's attack.
The orc warrior hits you with a war axe!
You die...

##.....# ##.......
#############........
#.......##...........
#.....).##...........
#####.....((##...........
.........[...([.......<...
#####..oo...##).......... #####
###.(.@...##........... ....#
##....#.####........#.## ....#
##.....#.##...########.# ....#
#........##.### #..# ....#
#....[..[#..# #..# ....#
#........(.## #..# #####
##.....#..## ##### ##..# #..###
##....<...####...# #).##
.....####..........##...####..#


You could see an orc warrior and an orc.

Vanquished Creatures
  2 wraiths (Ossuary)
  A deep elf mage (D:4)
  Menkaure (D:5)
  4 slaves
  A sky beast (D:5)
  A centaur (D:6)
  An ogre (D:6)
  Sigmund (D:6)
  The ghost of ventricule the Charlatan, an average DEAr (D:3)
  A giant frog (D:6)
  2 scorpions
  2 wights (Ossuary)
  3 centaur zombies (Ossuary)
  A hound (D:5)
  An orc priest (D:6)
  2 giant frog skeletons (D:5)
  A gnoll shaman (D:6)
  2 orc wizards
  Natasha (thrice) (D:5)
  An iguana (D:3)
  A hound skeleton (D:6)
  A worker ant zombie (D:6)
  7 adders
  4 gnolls (D:6)
  A shadow imp (D:5)
  A worm (D:3)
  3 adder zombies (Ossuary)
  An adder skeleton (D:5)
  5 giant geckos
  5 oozes
  8 orcs
  A ball python (D:4)
  8 bats
  9 goblins
  13 hobgoblins
  10 kobolds
  A quokka (D:3)
  2 ball python skeletons (Ossuary)
  4 giant cockroaches
  6 giant newts
  A hobgoblin zombie (Ossuary)
  A kobold zombie (Ossuary)
  13 rats
138 creatures vanquished.

Vanquished Creatures (others)
  An orc wizard (D:3)
1 creature vanquished.

Grand Total: 139 creatures vanquished

Notes
Turn   | Place    | Note
--------------------------------------------------------------
     0 | D:1      | Sachiko, the Minotaur Fighter, began the quest for the Orb.
     0 | D:1      | Reached XP level 1. HP: 19/19 MP: 1/1
   118 | D:1      | Reached XP level 2. HP: 27/27 MP: 1/1
   312 | D:1      | Reached skill level 4 in Armour
   691 | D:2      | Reached XP level 3. HP: 33/33 MP: 2/2
   808 | D:2      | Found a basalt altar of Yredelemnul.
  1324 | D:3      | Reached XP level 4. HP: 40/40 MP: 2/2
  1353 | D:3      | Found a glowing silver altar of Zin.
  1404 | D:3      | Noticed ventricule's ghost (average DEAr)
  1413 | D:3      | Killed ventricule's ghost
  1413 | D:3      | Reached skill level 5 in Shields
  1413 | D:3      | Reached XP level 5. HP: 43/46 MP: 2/2
  1453 | D:3      | Reached skill level 5 in Armour
  2238 | D:4      | Reached XP level 6. HP: 50/53 MP: 3/3
  2242 | D:4      | Found a white marble altar of Elyvilon.
  2322 | D:4      | Noticed a deep elf mage
  2333 | D:4      | Killed a deep elf mage
  2333 | D:4      | Reached skill level 6 in Armour
  2398 | D:4      | Found a sand-covered staircase.
  2407 | Ossuary  | Entered an ossuary
  2495 | Ossuary  | Reached XP level 7. HP: 52/60 MP: 3/3
  2537 | Ossuary  | Noticed a wraith
  2537 | Ossuary  | Noticed a flying skull
  2549 | Ossuary  | Noticed a flying skull
  2588 | Ossuary  | Noticed a wraith
  2598 | Ossuary  | Killed a wraith
  2598 | Ossuary  | Reached skill level 5 in Fighting
  2598 | Ossuary  | Reached skill level 5 in Long Blades
  2637 | Ossuary  | Reached skill level 7 in Armour
  2646 | Ossuary  | Noticed a flying skull
  2653 | Ossuary  | Noticed a wraith
  2668 | Ossuary  | Killed a wraith
  3216 | D:5      | Entered Level 5 of the Dungeon
  3289 | D:5      | Found Cozoz's Jewellery Emporium.
  3358 | D:5      | Reached XP level 8. HP: 53/70 MP: 3/3
  3370 | D:5      | Noticed Natasha
  3377 | D:5      | Killed Natasha
  3396 | D:5      | Noticed Menkaure
  3407 | D:5      | Killed Menkaure
  3626 | D:5      | Reached skill level 8 in Armour
  3716 | D:5      | Noticed Natasha
  3718 | D:5      | Killed Natasha
  4387 | D:6      | Noticed Sigmund
  4398 | D:6      | Noticed Pikel
  4402 | D:6      | Killed Sigmund
  4884 | D:5      | Noticed Natasha
  4885 | D:5      | Killed Natasha
  5281 | D:6      | Found an ancient bone altar of Kikubaaqudgha.
  5326 | D:6      | Found a burning altar of Makhleb.
  5431 | D:6      | Found a sparkling altar of Nemelex Xobeh.
  5495 | D:6      | Slain by an orc warrior

Action                   |  1- 3 |  4- 6 |  7- 9 || total
-------------------------+-------+-------+-------++-------
Melee: Long sword        |    75 |   134 |   233 ||   442
  Use: Scroll            |     8 |       |     5 ||    13
       Potion            |     1 |       |    10 ||    11
  Eat: Chunk             |       |     5 |     3 ||     8
       Pizza             |       |       |     2 ||     2
       Fruit             |       |       |     4 ||     4
